[Event "22nd Ruzomberok Open 2019"]
[Site "Ruzomberok"]
[Date "2019.07.02"]
[Round "4.22"]
[White "Stanko, Ivan"]
[Black "Slivka, Vasil"]
[Result "1-0"]
[ECO "B12"]
[WhiteElo "1859"]
[BlackElo "1562"]
[Annotator "NA"]
[PlyCount "57"]
[EventDate "2019.06.29"]
[EventType "swiss"]
[EventCountry "SVK"]
[SourceTitle "playchess.com"]
[Source "ChessBase"]
[SourceQuality "1"]
[TimeControl "40/5400+30:1800+30"]

1. e4 c6 2. d4 d5 3. e5 Bf5 4. Nf3 e6 5. Be2 Nd7 6. O-O c5 7. c4 cxd4 8. cxd5 Bc5 9. Nxd4 Bxd4 10. Qxd4 exd5 11. Nc3 Nb6 12. Nb5 Be6 13. Nd6+ Kf8 14. b3 Ne7 15. Ba3 Kg8 16. Nxb7 Nf5 17. Qf4 Qd7 18. Nc5 Qe8 19. Bd3 Ne7 20. Qg5 Ng6 21. f4 h6 22. Qg3 Bc8 23. Rae1 Nf8 24. f5 Nfd7 25. Nxd7 Nxd7 26. f6 g5 27. e6 Nxf6 28. Rxf6 Bxe6 29. Rexe6 1-0

[Event "22nd Ruzomberok Open 2019"]
[Site "Ruzomberok"]
[Date "2019.07.02"]
[Round "4.23"]
[White "Taragel, Marian"]
[Black "Bartanus, Stanislav"]
[Result "1-0"]
[ECO "B35"]
[WhiteElo "1636"]
[BlackElo "1781"]
[Annotator "NA"]
[PlyCount "75"]
[EventDate "2019.06.29"]
[EventType "swiss"]
[EventCountry "SVK"]
[SourceTitle "playchess.com"]
[Source "ChessBase"]
[SourceQuality "1"]
[TimeControl "40/5400+30:1800+30"]

1. e4 c5 2. Nf3 Nc6 3. d4 cxd4 4. Nxd4 Nf6 5. Nc3 g6 6. Be3 Bg7 7. Bc4 O-O 8. Bb3 Qa5 9. O-O Nxd4 10. Bxd4 d6 11. Re1 Bg4 12. f3 Be6 13. Qd2 Bxb3 14. axb3 Qh5 15. Bxa7 Rfc8 16. Ra2 Rc6 17. Rea1 Rac8 18. Bd4 b5 19. Ra5 e5 20. Rxb5 Bh6 21. Be3 Bxe3+ 22. Qxe3 Qh4 23. Ra7 Nh5 24. Rbb7 Nf4 25. Rxf7 Rxc3 26. bxc3 Rxc3 27. Rg7+ Kh8 28. Rgb7 Qd8 29. Qd2 d5 30. Rd7 Qc8 31. g3 Nh3+ 32. Kg2 Rxc2 33. Rd8+ Qxd8 34. Qxc2 Ng5 35. exd5 Qf8 36. f4 exf4 37. gxf4 Nf7 38. b4 1-0

[Event "22nd Ruzomberok Open 2019"]
[Site "Ruzomberok"]
[Date "2019.07.02"]
[Round "4.24"]
[White "Kapicakova, Lucia"]
[Black "Malinovsky, Jozef"]
[Result "1-0"]
[ECO "A06"]
[WhiteElo "1776"]
[BlackElo "1715"]
[Annotator "NA"]
[PlyCount "137"]
[EventDate "2019.06.29"]
[EventType "swiss"]
[EventCountry "SVK"]
[SourceTitle "playchess.com"]
[Source "ChessBase"]
[SourceQuality "1"]
[TimeControl "40/5400+30:1800+30"]

1. Nf3 d5 2. g3 Nf6 3. Bg2 g6 4. d3 Bg7 5. O-O O-O 6. Nbd2 Nbd7 7. e4 dxe4 8. dxe4 Nc5 9. Qe2 b6 10. e5 Ne8 11. Nd4 Ba6 12. c4 Qxd4 13. Bxa8 Qxe5 14. Qxe5 Bxe5 15. Bf3 Nd3 16. Rb1 Nd6 17. b3 Bc8 18. Ba3 Bh3 19. Bg2 Bf5 20. Rbd1 c5 21. Nf3 Bf6 22. Bc1 Nxc1 23. Rxc1 Bb2 24. Rcd1 Bc3 25. Nh4 Bc8 26. Rd3 Bf6 27. Nf3 Bf5 28. Rdd1 Bc2 29. Rd2 Bf5 30. Ne1 Bc3 31. Re2 Bf6 32. h3 h5 33. Kh2 Rd8 34. Rd2 Re8 35. f4 Kg7 36. Nd3 Bc3 37. Rdd1 Bc8 38. Ne5 Nf5 39. Rd3 Bb2 40. Bc6 Rh8 41. Bd7 Nd4 42. Bxc8 Rxc8 43. Nf3 e6 44. Nxd4 Bxd4 45. b4 Rd8 46. bxc5 bxc5 47. Kg2 Rb8 48. Rb3 Ra8 49. Rfb1 a5 50. a4 Rd8 51. Rb5 Ra8 52. Rb7 e5 53. Rc7 exf4 54. gxf4 Bc3 55. Rxc5 Bb4 56. Rc6 Rd8 57. c5 Rd2+ 58. Kf3 Rd3+ 59. Ke4 Rxh3 60. Rc8 Ra3 61. c6 Bd6 62. c7 Rxa4+ 63. Kd5 Bxf4 64. Rg8+ Kxg8 65. c8=Q+ Kg7 66. Qc3+ f6 67. Rb7+ Kh6 68. Qxf6 Be3 69. Qh8+ 1-0

[Event "22nd Ruzomberok Open 2019"]
[Site "Ruzomberok"]
[Date "2019.07.02"]
[Round "4.25"]
[White "Verba, Vladimir"]
[Black "Druska, Robert"]
[Result "1-0"]
[ECO "C40"]
[WhiteElo "1708"]
[BlackElo "1918"]
[Annotator "NA"]
[PlyCount "71"]
[EventDate "2019.06.29"]
[EventType "swiss"]
[EventCountry "SVK"]
[SourceTitle "playchess.com"]
[Source "ChessBase"]
[SourceQuality "1"]
[TimeControl "40/5400+30:1800+30"]

1. e4 e5 2. Nf3 f5 3. Nxe5 Qf6 4. d4 d6 5. Nc4 fxe4 6. Ne3 Qf7 7. c4 Nf6 8. Nc3 Nc6 9. b3 Bd7 10. Ned5 O-O-O 11. Be3 Re8 12. Be2 h6 13. Qd2 g5 14. Nxf6 Qxf6 15. d5 Ne5 16. O-O Qg6 17. Qd4 b6 18. c5 Bg7 19. Qxe4 Bf5 20. Qa4 dxc5 21. Qxa7 g4 22. Nb5 Re7 23. d6 Nf3+ 24. Bxf3 gxf3 25. g3 Bxa1 26. dxe7 Be5 27. Rd1 Qc6 28. Qa4 Qe4 29. Qa6+ Qb7 30. Na7+ Kb8 31. Nc6+ Qxc6 32. Rd8+ Bc8 33. Qxc8+ Ka7 34. Qb8+ Ka6 35. Rxh8 Bxh8 36. e8=Q 1-0

[Event "22nd Ruzomberok Open 2019"]
[Site "Ruzomberok"]
[Date "2019.07.02"]
[Round "4.26"]
[White "Profant, Jan"]
[Black "Staffen, Robert"]
[Result "1/2-1/2"]
[ECO "A37"]
[WhiteElo "1871"]
[BlackElo "1683"]
[Annotator "NA"]
[PlyCount "142"]
[EventDate "2019.06.29"]
[EventType "swiss"]
[EventCountry "SVK"]
[SourceTitle "playchess.com"]
[Source "ChessBase"]
[SourceQuality "1"]
[TimeControl "40/5400+30:1800+30"]

1. c4 c5 2. Nc3 Nc6 3. g3 g6 4. Bg2 Bg7 5. Nf3 e6 6. e4 Nge7 7. O-O O-O 8. d3 d5 9. Bg5 d4 10. Ne2 f6 11. Bd2 e5 12. a3 a5 13. Rb1 Be6 14. Ne1 Qd7 15. Nc2 f5 16. b4 fxe4 17. Bxe4 Bf5 18. Bxf5 Qxf5 19. Nc1 axb4 20. axb4 b6 21. bxc5 bxc5 22. Rb5 e4 23. dxe4 Qxe4 24. Re1 Qf5 25. f4 d3 26. Ne3 Qe4 27. Nb3 Nf5 28. Nxc5 Nxe3 29. Nxe4 Nxd1 30. Rxd1 Rfe8 31. Nd6 Re2 32. Rb3 Ra2 33. Rxd3 Bd4+ 34. Kh1 Bc5 35. Nb5 Bb4 36. Be3 Rxh2+ 37. Kg1 Rhg2+ 38. Kf1 Rxg3 39. Nd4 Nxd4 40. Bxd4 Rgg2 41. Be3 Rh2 42. Rd8+ Bf8 43. Rc8 Rh1+ 44. Bg1 Kf7 45. c5 Rc2 46. Rd7+ Ke6 47. Rdc7 Rc1+ 48. Ke2 Rhxg1 49. Rxf8 Rge1+ 50. Kf3 Rf1+ 51. Kg4 Rh1 52. Re8+ Kd5 53. Re5+ Kd4 54. Rd7+ Kc4 55. Kg5 Rh5+ 56. Kf6 Rxe5 57. fxe5 Rf1+ 58. Ke7 Kxc5 59. e6 h5 60. Ke8 h4 61. Rh7 Kd6 62. e7 Re1 63. Kf8 Rxe7 64. Rxe7 g5 65. Rg7 Ke5 66. Rxg5+ Kf4 67. Rg1 Kf3 68. Kf7 h3 69. Kf6 h2 70. Ra1 Kg2 71. Ra2+ Kg3 1/2-1/2

[Event "22nd Ruzomberok Open 2019"]
[Site "Ruzomberok"]
[Date "2019.07.02"]
[Round "4.27"]
[White "Demko, Ladislav"]
[Black "Ucekajova, Veronika"]
[Result "1/2-1/2"]
[ECO "C13"]
[WhiteElo "1642"]
[BlackElo "1836"]
[Annotator "NA"]
[PlyCount "126"]
[EventDate "2019.06.29"]
[EventType "swiss"]
[EventCountry "SVK"]
[SourceTitle "playchess.com"]
[Source "ChessBase"]
[SourceQuality "1"]
[TimeControl "40/5400+30:1800+30"]

1. e4 e6 2. d4 d5 3. Nc3 Nf6 4. Bg5 Be7 5. exd5 Nxd5 6. Bxe7 Nxe7 7. Nf3 Nbc6 8. Be2 b6 9. O-O Bb7 10. Qd2 Qd7 11. Rad1 O-O-O 12. a3 Nf5 13. d5 exd5 14. Qxd5 Nd6 15. Ne5 Nxe5 16. Qxe5 Rde8 17. Qf4 g5 18. Qf6 Qe6 19. Qxe6+ Rxe6 20. Bg4 f5 21. Rxd6 Rxd6 22. Bxf5+ Kb8 23. h3 h6 24. Re1 Rf8 25. Bd3 Rdf6 26. f3 Bc6 27. Re7 Re8 28. Rh7 Kb7 29. b4 a6 30. a4 b5 31. axb5 axb5 32. Nxb5 Bxb5 33. Bxb5 Re1+ 34. Kf2 Rb1 35. Bd3 Rxb4 36. Kg3 Kb6 37. Rh8 Kc5 38. Rd8 Rd6 39. Rc8 c6 40. Be4 Kb5 41. Rb8+ Kc4 42. Rc8 c5 43. h4 gxh4+ 44. Kxh4 Rb1 45. g4 Rg1 46. Bd3+ Kd4 47. Re8 Rh1+ 48. Kg3 Rg1+ 49. Kf2 Rd1 50. Re4+ Kd5 51. Bc4+ Kc6 52. Bb3 Rf6 53. Bc4 Rd2+ 54. Re2 Rd4 55. Bd3 Rxg4 56. Be4+ Kb6 57. Ke3 Rg3 58. Rh2 Kb5 59. Rh5 Rg5 60. Rh3 Rg1 61. Kf2 Rd1 62. Ke2 Rd8 63. Rh5 Rg8 1/2-1/2

[Event "22nd Ruzomberok Open 2019"]
[Site "Ruzomberok"]
[Date "2019.07.02"]
[Round "4.28"]
[White "Gasper, Jaroslav"]
[Black "Cernekova, Martina"]
[Result "0-1"]
[ECO "A56"]
[WhiteElo "1772"]
[BlackElo "1659"]
[Annotator "NA"]
[PlyCount "130"]
[EventDate "2019.06.29"]
[EventType "swiss"]
[EventCountry "SVK"]
[SourceTitle "playchess.com"]
[Source "ChessBase"]
[SourceQuality "1"]
[TimeControl "40/5400+30:1800+30"]

1. d4 Nf6 2. c4 c5 3. Nf3 e6 4. Nc3 d5 5. e3 Nc6 6. cxd5 Nxd5 7. Bb5 a6 8. Bxc6+ bxc6 9. O-O Bd6 10. e4 Nxc3 11. bxc3 O-O 12. e5 Be7 13. Be3 c4 14. Qe2 a5 15. Nd2 Ba6 16. f4 Qd5 17. f5 exf5 18. Rxf5 f6 19. Raf1 fxe5 20. Rxe5 Rxf1+ 21. Nxf1 Qf7 22. Bd2 Bf6 23. Rxa5 Re8 24. Qf3 Bb5 25. a4 Qc7 26. axb5 Qxa5 27. Qxc6 Rb8 28. Bf4 Qxb5 29. Qe6+ Kh8 30. Bxb8 Qxb8 31. Qxc4 h6 32. Qd3 Qb2 33. h3 Bh4 34. Qe3 Bg5 35. Qe8+ Kh7 36. Qe4+ Kh8 37. c4 Bf6 38. d5 Bd4+ 39. Kh2 Qf2 40. Qf3 Qg1+ 41. Kg3 Be5+ 42. Kh4 Qd4+ 43. Kh5 Bf6 44. Ne3 Qe5+ 45. Nf5 Kh7 46. Kg4 g6 47. Qf4 Qe2+ 48. Qf3 h5+ 49. Kg3 Qe1+ 50. Kh2 h4 51. Nxh4 Qxh4 52. d6 Be5+ 53. g3 Qxc4 54. Qb7+ Kh6 55. d7 Qe2+ 56. Kh1 Bxg3 57. Qg2 Qxg2+ 58. Kxg2 Bc7 59. Kf3 Kh5 60. Kf2 Kh4 61. Kg2 g5 62. Kh1 Kxh3 63. Kg1 g4 64. Kh1 g3 65. Kg1 g2 0-1

[Event "22nd Ruzomberok Open 2019"]
[Site "Ruzomberok"]
[Date "2019.07.02"]
[Round "4.30"]
[White "Polko, Pavol"]
[Black "Mudron, Jan"]
[Result "1/2-1/2"]
[ECO "A00"]
[WhiteElo "1638"]
[BlackElo "1756"]
[Annotator "NA"]
[PlyCount "144"]
[EventDate "2019.06.29"]
[EventType "swiss"]
[EventCountry "SVK"]
[SourceTitle "playchess.com"]
[Source "ChessBase"]
[SourceQuality "1"]
[TimeControl "40/5400+30:1800+30"]

1. h4 Nf6 2. d4 e6 3. Nf3 c5 4. Bg5 Be7 5. e3 cxd4 6. exd4 O-O 7. Bd3 d5 8. c3 b6 9. Qc2 h6 10. Bxf6 Bxf6 11. Bh7+ Kh8 12. Bd3 Ba6 13. g4 Bxd3 14. Qxd3 g5 15. hxg5 Bxg5 16. Nbd2 Kg7 17. O-O-O Nd7 18. Kb1 Rh8 19. Rdg1 Qf6 20. Qe2 Qf4 21. Nxg5 hxg5 22. Rh5 Nf6 23. Rxh8 Rxh8 24. f3 Rh2 25. Rg2 Rh3 26. a4 Nd7 27. Qb5 Qc7 28. Re2 Kg6 29. Qd3+ Kg7 30. Qe3 Qf4 31. b4 Qxe3 32. Rxe3 Kg6 33. Re2 Kg7 34. Kb2 Kf8 35. b5 Ke7 36. Ka3 Kd6 37. Kb4 f6 38. a5 e5 39. axb6 axb6 40. Rf2 Ke6 41. Nf1 Rh1 42. Kb3 Rh3 43. Ne3 e4 44. c4 dxc4+ 45. Kxc4 Rxf3 46. Rxf3 exf3 47. Kd3 Nf8 48. Ke4 f2 49. Kd3 Ng6 50. Ke2 Nf4+ 51. Kxf2 Nd5 52. Nc4 f5 53. Kg3 f4+ 54. Kf3 Nc3 55. Nxb6 Nxb5 56. d5+ Ke5 57. d6 Nxd6 58. Nd7+ Kd4 59. Nf8 Nf7 60. Ne6+ Ke5 61. Nf8 Kf6 62. Nh7+ Ke5 63. Nf8 Kd5 64. Nh7 Ne5+ 65. Kg2 Nf7 66. Nf6+ Ke6 67. Ne4 Ke5 68. Kf3 Ke6 69. Nxg5+ Nxg5+ 70. Kxf4 Kf6 71. Kg3 Nf7 72. Kh4 Kg6 1/2-1/2

[Event "22nd Ruzomberok Open 2019"]
[Site "Ruzomberok"]
[Date "2019.07.02"]
[Round "4.32"]
[White "Cebo, Vladimir"]
[Black "Zentko, Ladislav"]
[Result "0-1"]
[ECO "A34"]
[WhiteElo "1577"]
[BlackElo "1732"]
[Annotator "NA"]
[PlyCount "56"]
[EventDate "2019.06.29"]
[EventType "swiss"]
[EventCountry "SVK"]
[SourceTitle "playchess.com"]
[Source "ChessBase"]
[SourceQuality "1"]
[TimeControl "40/5400+30:1800+30"]

1. c4 c5 2. Nc3 Nf6 3. Nf3 e6 4. e3 d5 5. d4 cxd4 6. Qxd4 Nc6 7. Qd1 Bb4 8. Bd2 O-O 9. Be2 Ne4 10. a3 Bxc3 11. Bxc3 Nxc3 12. bxc3 Qa5 13. Qc2 dxc4 14. Bxc4 b6 15. O-O Bb7 16. Bd3 g6 17. Nd4 Ne5 18. Be2 Rac8 19. Rfc1 Rfd8 20. f4 Nc4 21. Kf2 Nxe3 22. Kxe3 Rxd4 23. Bd3 Ra4 24. g3 Rxa3 25. Qb2 Qc5+ 26. Ke2 Rxa1 27. Qxa1 a5 28. c4 Qh5+ 0-1

[Event "22nd Ruzomberok Open 2019"]
[Site "Ruzomberok"]
[Date "2019.07.02"]
[Round "4.33"]
[White "Mikulec, Martin"]
[Black "Petrasko, Jozef"]
[Result "1-0"]
[ECO "B13"]
[WhiteElo "1875"]
[BlackElo "1455"]
[Annotator "NA"]
[PlyCount "127"]
[EventDate "2019.06.29"]
[EventType "swiss"]
[EventCountry "SVK"]
[SourceTitle "playchess.com"]
[Source "ChessBase"]
[SourceQuality "1"]
[TimeControl "40/5400+30:1800+30"]

1. e4 c6 2. d4 d5 3. exd5 cxd5 4. c4 Nf6 5. Nc3 Nc6 6. cxd5 Nxd5 7. Bb5 e6 8. Nf3 Bd6 9. O-O O-O 10. Re1 Bd7 11. a3 a6 12. Bc4 Rc8 13. Bxd5 exd5 14. Nxd5 h6 15. Ne3 Ne7 16. Bd2 Nf5 17. Bc3 Nxe3 18. Rxe3 Re8 19. Qd2 Qc7 20. Rae1 Bf4 21. Rxe8+ Rxe8 22. Rxe8+ Bxe8 23. Qd3 Bb5 24. Qe4 Qc4 25. Qe1 Qe2 26. Qxe2 Bxe2 27. Ne1 Bc1 28. g3 f6 29. f4 Kf7 30. Kf2 Bc4 31. Nc2 Ke6 32. Nb4 a5 33. d5+ Kd6 34. Nc2 Kxd5 35. Bxa5 Bxb2 36. Ne3+ Kd4 37. Nf5+ Kd5 38. Bb4 b5 39. Nxg7 Ke4 40. Ne8 Bd4+ 41. Kg2 f5 42. Nd6+ Ke3 43. Nxf5+ Ke4 44. Nxd4 Kxd4 45. Kf3 h5 46. f5 Ke5 47. g4 h4 48. Bc3+ Kd6 49. h3 Bf1 50. Bf6 Bxh3 51. Bxh4 Ke5 52. Bg3+ Kf6 53. Kf4 Bg2 54. Bh4+ Kg7 55. Bf2 Kf7 56. g5 Bd5 57. g6+ Kg8 58. Ke5 Bb3 59. Kf4 Bc2 60. Kg5 Kg7 61. f6+ Kg8 62. f7+ Kg7 63. Bd4+ Kf8 64. Bc5+ 1-0

[Event "22nd Ruzomberok Open 2019"]
[Site "Ruzomberok"]
[Date "2019.07.02"]
[Round "4.36"]
[White "Zilkay, Dominik"]
[Black "Kunzo, Slavomir"]
[Result "1-0"]
[ECO "B22"]
[WhiteElo "1328"]
[BlackElo "1593"]
[Annotator "NA"]
[PlyCount "101"]
[EventDate "2019.06.29"]
[EventType "swiss"]
[EventCountry "SVK"]
[SourceTitle "playchess.com"]
[Source "ChessBase"]
[SourceQuality "1"]
[TimeControl "40/5400+30:1800+30"]

1. e4 c5 2. c3 d5 3. exd5 Qxd5 4. d4 e5 5. dxe5 Qxe5+ 6. Be2 Bg4 7. Nd2 Bxe2 8. Qxe2 Nc6 9. Ngf3 Qxe2+ 10. Kxe2 O-O-O 11. Re1 Re8+ 12. Kd1 Rxe1+ 13. Kxe1 f5 14. Nc4 Nf6 15. Bf4 Nd5 16. Bd2 Be7 17. g3 Re8 18. Ne3 Bf6 19. Kf1 Nxe3+ 20. Bxe3 b6 21. Rd1 h6 22. h4 Na5 23. Nd2 g5 24. hxg5 hxg5 25. b4 cxb4 26. cxb4 Nc6 27. Nc4 Rd8 28. Rxd8+ Kxd8 29. b5 Nb4 30. a4 Na2 31. a5 Nc3 32. axb6 axb6 33. Nxb6 Kc7 34. Nc4 Nxb5 35. Nd2 Kc6 36. Nf3 g4 37. Nh4 Bxh4 38. gxh4 Kd5 39. Kg2 Ke4 40. Kg3 Nc3 41. h5 Nd5 42. Bg5 Nc3 43. h6 Ne2+ 44. Kg2 f4 45. h7 g3 46. fxg3 f3+ 47. Kf2 Nc3 48. h8=Q Nd1+ 49. Kf1 Ne3+ 50. Bxe3 Kxe3 51. Qe5+ 1-0

[Event "22nd Ruzomberok Open 2019"]
[Site "Ruzomberok"]
[Date "2019.07.02"]
[Round "4.37"]
[White "Majerova, Veronika"]
[Black "Hajtmansky, Milan"]
[Result "1-0"]
[ECO "A40"]
[WhiteElo "1531"]
[BlackElo "1521"]
[Annotator "NA"]
[PlyCount "71"]
[EventDate "2019.06.29"]
[EventType "swiss"]
[EventCountry "SVK"]
[SourceTitle "playchess.com"]
[Source "ChessBase"]
[SourceQuality "1"]
[TimeControl "40/5400+30:1800+30"]

1. d4 e6 2. Nf3 b6 3. Bf4 Bb7 4. e3 Nc6 5. c3 Be7 6. Bd3 Nf6 7. h3 O-O 8. Nbd2 d6 9. O-O g6 10. e4 Nd7 11. Re1 e5 12. Be3 Bf6 13. Qe2 Re8 14. Rad1 exd4 15. Nxd4 Bxd4 16. Bxd4 Nxd4 17. cxd4 Qf6 18. Nf3 Re7 19. Qc2 c5 20. dxc5 Nxc5 21. b4 Ne6 22. Bc4 Qf4 23. Bd5 Rc7 24. Qb3 Qf6 25. Bxb7 Rxb7 26. Rxd6 Qe7 27. Red1 Rd8 28. e5 Rbd7 29. Qd5 Rxd6 30. exd6 Qd7 31. Ne5 Qe8 32. d7 Qf8 33. Nc6 h5 34. Nxd8 Qxd8 35. Rc1 Nf4 36. Rc8 1-0

[Event "22nd Ruzomberok Open 2019"]
[Site "Ruzomberok"]
[Date "2019.07.02"]
[Round "4.38"]
[White "Kukan, Michal"]
[Black "Horbal, Michal"]
[Result "1-0"]
[ECO "A10"]
[WhiteElo "1698"]
[BlackElo "1121"]
[Annotator "NA"]
[PlyCount "113"]
[EventDate "2019.06.29"]
[EventType "swiss"]
[EventCountry "SVK"]
[SourceTitle "playchess.com"]
[Source "ChessBase"]
[SourceQuality "1"]
[TimeControl "40/5400+30:1800+30"]

1. c4 d6 2. Nc3 e5 3. g3 Be6 4. Bg2 c6 5. b3 Nf6 6. d4 exd4 7. Qxd4 d5 8. Bg5 Be7 9. cxd5 Bxd5 10. Nxd5 cxd5 11. Nf3 Nc6 12. Qa4 O-O 13. O-O Ne4 14. Bxe7 Qxe7 15. Rac1 Rfd8 16. Rfd1 Rac8 17. e3 a6 18. Nd4 Ne5 19. Nf5 Qe6 20. Rxc8 Rxc8 21. Bxe4 dxe4 22. Qxe4 g6 23. Nd4 Qe7 24. Kg2 f5 25. Qd5+ Kh8 26. Ne6 Nc6 27. h4 Nb4 28. Qd8+ Rxd8 29. Rxd8+ Qxd8 30. Nxd8 Nxa2 31. Nxb7 Kg7 32. Nc5 Nb4 33. Kf3 Kf6 34. e4 h5 35. Kf4 a5 36. e5+ Kf7 37. Ke3 Nd5+ 38. Kd4 Nb4 39. f4 Nc6+ 40. Kc4 Nb4 41. Kb5 Nd5 42. Kxa5 Ke7 43. b4 Kd8 44. b5 Kc7 45. Na6+ Kb7 46. Nb4 Nb6 47. Nc6 Nc4+ 48. Kb4 Nb6 49. Kc5 Nd7+ 50. Kd6 Kc8 51. Ne7+ Kd8 52. Nxg6 Nb6 53. e6 Ke8 54. Kc6 Nc4 55. b6 Na5+ 56. Kc7 Nc4 57. b7 1-0

[Event "22nd Ruzomberok Open 2019"]
[Site "Ruzomberok"]
[Date "2019.07.02"]
[Round "4.39"]
[White "Slyk, Piotr"]
[Black "Segeda, Milos"]
[Result "1-0"]
[ECO "C20"]
[WhiteElo "1082"]
[BlackElo "1446"]
[Annotator "NA"]
[PlyCount "75"]
[EventDate "2019.06.29"]
[EventType "swiss"]
[EventCountry "SVK"]
[SourceTitle "playchess.com"]
[Source "ChessBase"]
[SourceQuality "1"]
[TimeControl "40/5400+30:1800+30"]

1. e4 e5 2. d3 Nc6 3. Nf3 h6 4. g3 Bc5 5. a3 d6 6. Bg2 Nf6 7. c3 Bg4 8. Qd2 Bxf3 9. Bxf3 Qd7 10. Bg2 Na5 11. Qc2 Bb6 12. a4 c5 13. Be3 Qc7 14. O-O O-O 15. Qd2 Ng4 16. Ra3 Nxe3 17. Qxe3 c4 18. Qe2 Rac8 19. Nd2 Bc5 20. Raa1 Nb3 21. Nxb3 cxb3 22. Qd2 a5 23. c4 Qb6 24. Bh3 Rcd8 25. Bf5 Bd4 26. Bg4 Ra8 27. Bd7 Bc5 28. Bb5 Bb4 29. Qd1 f5 30. Qxb3 fxe4 31. c5+ Kh7 32. cxb6 Rxf2 33. Rxf2 Bc5 34. Raf1 Rf8 35. Qc2 Bxb6 36. dxe4 Bc5 37. Qxc5 dxc5 38. Rxf8 1-0

[Event "22nd Ruzomberok Open 2019"]
[Site "Ruzomberok"]
[Date "2019.07.03"]
[Round "5.1"]
[White "Zvarik, Martin"]
[Black "Jakab, Bela"]
[Result "1/2-1/2"]
[ECO "D78"]
[WhiteElo "2308"]
[BlackElo "2278"]
[Annotator "NA"]
[PlyCount "91"]
[EventDate "2019.06.29"]
[EventType "swiss"]
[EventCountry "SVK"]
[SourceTitle "playchess.com"]
[Source "ChessBase"]
[SourceQuality "1"]
[TimeControl "40/5400+30:1800+30"]

1. Nf3 d5 2. g3 Nf6 3. Bg2 g6 4. O-O Bg7 5. d4 O-O 6. c4 c6 7. b3 Bf5 8. Nc3 Ne4 9. Bb2 Nxc3 10. Bxc3 Be4 11. Rc1 Re8 12. Qd2 Nd7 13. Rfd1 Nf6 14. Qb2 Bh6 15. Bd2 Bxd2 16. Rxd2 a5 17. Ne5 Bxg2 18. Kxg2 a4 19. bxa4 Ne4 20. Rdc2 f6 21. Nd3 dxc4 22. Rxc4 Nd6 23. Rb4 Kh8 24. Qb3 Ra5 25. Rc5 Qa8 26. Rxa5 Qxa5 27. Nc5 b5 28. axb5 cxb5 29. a4 Qa8+ 30. Qf3 Qxf3+ 31. Kxf3 bxa4 32. Rxa4 Kg7 33. e4 Kf7 34. e5 fxe5 35. dxe5 Nf5 36. g4 Ng7 37. Ke3 Ne6 38. Nxe6 Kxe6 39. f4 Rb8 40. Ra6+ Kd5 41. Ra3 Rb2 42. Rd3+ Ke6 43. Rd2 Rb1 44. Kf2 Rb3 45. Rd8 Kf7 46. Kg2 1/2-1/2

[Event "22nd Ruzomberok Open 2019"]
[Site "Ruzomberok"]
[Date "2019.07.03"]
[Round "5.2"]
[White "Karas, Marek"]
[Black "Jablonicky, Martin"]
[Result "1/2-1/2"]
[ECO "C07"]
[WhiteElo "2268"]
[BlackElo "2378"]
[Annotator "NA"]
[PlyCount "49"]
[EventDate "2019.06.29"]
[EventType "swiss"]
[EventCountry "SVK"]
[SourceTitle "playchess.com"]
[Source "ChessBase"]
[SourceQuality "1"]
[TimeControl "40/5400+30:1800+30"]

1. e4 e6 2. d4 d5 3. Nd2 c5 4. exd5 Qxd5 5. Ngf3 cxd4 6. Bc4 Qd6 7. O-O Nf6 8. Nb3 Nc6 9. Nbxd4 Nxd4 10. Nxd4 a6 11. Re1 Qc7 12. Bb3 Bd6 13. Nf5 Bxh2+ 14. Kh1 O-O 15. Nxg7 Rd8 16. Qf3 Kxg7 17. Bh6+ Kg6 18. c3 Nh5 19. Re4 Kxh6 20. Rh4 Qe5 21. Qxf7 Qf5 22. Rxh5+ Qxh5 23. Qf6+ Qg6 24. Qh4+ Qh5 25. Qf6+ 1/2-1/2

[Event "22nd Ruzomberok Open 2019"]
[Site "Ruzomberok"]
[Date "2019.07.03"]
[Round "5.3"]
[White "Vacek, Ondrej"]
[Black "Movsesian, Julia"]
[Result "0-1"]
[ECO "D02"]
[WhiteElo "2125"]
[BlackElo "2291"]
[Annotator "NA"]
[PlyCount "70"]
[EventDate "2019.06.29"]
[EventType "swiss"]
[EventCountry "SVK"]
[SourceTitle "playchess.com"]
[Source "ChessBase"]
[SourceQuality "1"]
[TimeControl "40/5400+30:1800+30"]

1. Nf3 d5 2. d4 Nf6 3. c4 e6 4. g3 a6 5. Qc2 dxc4 6. Qxc4 b5 7. Qc2 Bb7 8. Bg2 Nbd7 9. Bg5 c5 10. Bxf6 Qxf6 11. Nbd2 cxd4 12. Qc7 Bd5 13. O-O Bc5 14. Rac1 Qe7 15. Ne5 Bb6 16. Qxd7+ Qxd7 17. Nxd7 Kxd7 18. Bxd5 exd5 19. Rc2 Rhe8 20. Nb3 Rac8 21. Rfc1 Rc4 22. Rd2 d3 23. Rxd3 Rxe2 24. Rxc4 Re1+ 25. Kg2 bxc4 26. Rxd5+ Kc6 27. Rf5 cxb3 28. axb3 f6 29. h4 Bd4 30. g4 Bxb2 31. f4 Bc3 32. b4 Bxb4 33. g5 Bc3 34. gxf6 Bxf6 35. h5 h6 0-1

[Event "22nd Ruzomberok Open 2019"]
[Site "Ruzomberok"]
[Date "2019.07.03"]
[Round "5.4"]
[White "Farkas, Gabor"]
[Black "Bednar, Jan"]
[Result "0-1"]
[ECO "C02"]
[WhiteElo "2353"]
[BlackElo "2084"]
[Annotator "NA"]
[PlyCount "100"]
[EventDate "2019.06.29"]
[EventType "swiss"]
[EventCountry "SVK"]
[SourceTitle "playchess.com"]
[Source "ChessBase"]
[SourceQuality "1"]
[TimeControl "40/5400+30:1800+30"]

1. e4 e6 2. d4 d5 3. e5 c5 4. c3 Nc6 5. Nf3 Qb6 6. a3 a5 7. Bd3 Bd7 8. O-O cxd4 9. cxd4 Nxd4 10. Nxd4 Qxd4 11. Nc3 Qb6 12. Kh1 h5 13. f4 g6 14. Qc2 Ne7 15. f5 Nxf5 16. Bg5 Rc8 17. Bf6 Rh7 18. Qe2 Be7 19. Bxf5 gxf5 20. Qd2 Bxf6 21. exf6 Rc4 22. h3 Rg4 23. Rae1 Kf8 24. Qe2 Qd6 25. Nxd5 Qxd5 26. hxg4 hxg4+ 27. Kg1 Qd4+ 28. Qe3 Qxf6 29. Qc5+ Kg7 30. Qe5 Bc6 31. Qxf6+ Kxf6 32. Rc1 Rh8 33. Rc5 a4 34. Rd1 Ra8 35. Kf2 Ra6 36. Rd2 Rb6 37. g3 Rb3 38. Rc3 Rxc3 39. bxc3 e5 40. Ke3 Kg5 41. Rf2 Bf3 42. Rb2 f4+ 43. Kf2 Bc6 44. Rb4 f5 45. gxf4+ exf4 46. c4 g3+ 47. Kg1 f3 48. c5 f4 49. Rb2 Kg4 50. Rb4 Kh3 0-1

[Event "22nd Ruzomberok Open 2019"]
[Site "Ruzomberok"]
[Date "2019.07.03"]
[Round "5.5"]
[White "Holly, Andrej"]
[Black "Vojtek, Vladimir"]
[Result "0-1"]
[ECO "B92"]
[WhiteElo "2046"]
[BlackElo "2313"]
[Annotator "NA"]
[PlyCount "102"]
[EventDate "2019.06.29"]
[EventType "swiss"]
[EventCountry "SVK"]
[SourceTitle "playchess.com"]
[Source "ChessBase"]
[SourceQuality "1"]
[TimeControl "40/5400+30:1800+30"]

1. e4 c5 2. Nf3 d6 3. d4 cxd4 4. Nxd4 Nf6 5. Nc3 a6 6. Be2 e5 7. Nf3 Be7 8. Bg5 Nbd7 9. a4 O-O 10. O-O h6 11. Bh4 b6 12. Nd2 Bb7 13. Bf3 Rc8 14. Re1 Re8 15. Nf1 b5 16. axb5 axb5 17. Nxb5 Qb6 18. Nc3 Qxb2 19. Bxf6 Nxf6 20. Rb1 Qxc3 21. Rxb7 Qxc2 22. Qxc2 Rxc2 23. Ne3 Rc6 24. Ra1 Bd8 25. Rd1 Kf8 26. Be2 Rb6 27. Rxb6 Bxb6 28. Nd5 Nxd5 29. Rxd5 Bc5 30. g4 Rb8 31. Rd2 Rb4 32. Bf3 Ke7 33. h4 g6 34. h5 gxh5 35. gxh5 Kf6 36. Kg2 Kg5 37. Rc2 Kf4 38. Be2 Rxe4 39. Rc4 Bd4 40. Bd3 Re1 41. Rc7 f5 42. Rh7 e4 43. Bc4 Rc1 44. Be2 Rc2 45. Kf1 Ke5 46. Rxh6 f4 47. f3 exf3 48. Bxf3 Rf2+ 49. Ke1 Rxf3 50. Rh8 Ke4 51. Re8+ Be5 0-1